 Dungeon Crawl Stone Soup version 0.27-a0-401-gea03ee85fd (webtiles) character file.

Game seed: 6550593653789617786

483 miscthings the Cudgeller (level 6, -1/70 HPs)
             Began as a Demonspawn Chaos Knight on Feb 22, 2021.
             Was a Plaything of Xom.
             Slain by a killer bee (5 damage)
             ... on level 4 of the Dungeon.
             The game lasted 00:05:55 (3072 turns).

miscthings the Cudgeller (Demonspawn Chaos Knight)  Turns: 3072, Time: 00:05:56

Health: -1/70      AC: 23    Str: 19 (20) XL:     6   Next: 87%
Magic:  6/6        EV:  2    Int: 16      God:    Xom [..*...]
Gold:   166        SH:  0    Dex: 12 (14) Spells: 5/5 levels left

rFire    . . .     SeeInvis .   q - +2 flail (vorpal)
rCold    . . .     Faith    .   (no shield)
rNeg     + + +     Spirit   .   (armour currently unavailable)
rPois    +         Reflect  .   (helmet currently unavailable)
rElec    .         Harm     .   (cloak currently unavailable)
rCorr    .         Rampage  .   (gloves currently unavailable)
Will     .....     Clarity  +   (boots currently unavailable) Stlth +.........NoTele +
                                (no amulet)
HPRegen  0.21/turn              d - +6 ring of strength
MPRegen  0.10/turn              (no ring)

@: lethally poisoned (-1 -> -1), tree-form
A: agile 1, blurry vision 1, clarity, deterioration 2, dopey 1, big brain 2
a: Renounce Religion


You were on level 4 of the Dungeon.
You worshipped Xom.
You were a toy of Xom.
You were a tree.
You visited 1 branch of the dungeon, and saw 4 of its levels.

You collected 166 gold pieces.

Inventory:

Hand Weapons
 a - a +0 mace of chaos
 q - a +2 vorpal flail (weapon)
Armour
 b - a +2 leather armour (melded)
 h - a +0 helmet (melded)
 n - a +0 cloak (melded)
Jewellery
 d - a +6 ring of strength (left branch)
Scrolls
 c - a scroll of enchant armour
 e - 2 scrolls of teleportation
 i - a scroll of enchant weapon
 l - a scroll of blinking {unknown}
 o - a scroll of magic mapping
Potions
 j - a potion of heal wounds
 m - a potion of might
 r - 2 potions of lignification
 s - a potion of magic


   Skills:
 - Level 3.0 Fighting
 + Level 7.2 Maces & Flails
 - Level 1.7 Armour
 - Level 0.8 Dodging


You had 5 spell levels left.
You didn't know any spells.
Your spell library was empty.

Dungeon Overview and Level Annotations

Branches:
Dungeon (4/15)
 Temple: D:4-7

Altars:


Innate Abilities, Weirdness & Mutations

You have an extremely huge brain. (Int +4)
You are agile. (Dex +2)
((You can translocate small distances at will.))
Scrolls take you a little longer to read.
You possess an exceptional clarity of mind.
Your body often deteriorates upon taking damage.
You are dopey. (Int -2)
((Your flesh is very heat resistant. (rF++)))


Message History

You hit the killer bee.
The killer bee is lightly wounded.
* * * LOW HITPOINT WARNING * * *
You feel sick. The killer bee stings you.
* * * LOW HITPOINT WARNING * * *
The killer bee stings you but does no damage.
You feel better. The killer bee stings you.
* * * LOW HITPOINT WARNING * * *
You are poisoned.
The killer bee poisons you! The killer bee closely misses you.
Really quaff the potion of lignification?
You turn into a tree.
Your +0 cloak melds into your body.
Your +0 helmet melds into your body.
Your +2 leather armour melds into your body.
Your roots penetrate the ground.
You feel sick.
The killer bee stings you but does no damage.
The killer bee completely misses you.
You sock the killer bee!
The killer bee is severely wounded.
The killer bee stings you.
* * * LOW HITPOINT WARNING * * *
The killer bee stings you but does no damage. x2
You miss the killer bee.
The killer bee is severely wounded.
You feel sick.
The killer bee stings you but does no damage. x2
You hit the killer bee.
The killer bee is almost dead.
The killer bee stings you but does no damage.
The killer bee stings you.
* * * LOW HITPOINT WARNING * * *
You barely miss the killer bee.
The killer bee is almost dead.
The killer bee stings you but does no damage.
The killer bee stings you.
* * * LOW HITPOINT WARNING * * *
You barely miss the killer bee.
The killer bee is almost dead.
You feel sick. The killer bee stings you.
You die...

(.......#.##..#
........#.###.# .#+####
#.# #.# # .#.#
#.###.##+# .#
##.######........# #.##
#........# #.##.#....#.
#........###.##.#......
##........+.....y.......
..........####.#♣#.....#
....#####...............
.##'# #+##.....##+#+#.
##..# ###...# #..#
##.(...# #..# +...###
#..# #$.... #).# ....###
#### ....#


You could see a killer bee.

Vanquished Creatures
  A bullfrog (D:2)
  3 killer bees
  An orc priest (D:4)
  3 worker ants
  6 adders
  2 oozes (D:1)
  4 worms
  2 dart slugs (D:1)
  4 leopard geckos
  14 orcs
  2 ball pythons (D:2)
  3 giant cockroaches
  9 goblins
  12 hobgoblins
  2 jackals (D:4)
  12 kobolds
  3 quokkas
  9 bats
  8 frilled lizards
  6 rats
106 creatures vanquished.

Vanquished Creatures (collateral kills)
  A worm (D:2)
1 creature vanquished.

Grand Total: 107 creatures vanquished

Notes
Turn   | Place    | Note
-------+----------+-------------------------------------------
     0 | D:1      | miscthings the Demonspawn Chaos Knight began the quest for
                  | the Orb.
     0 | D:1      | Reached XP level 1. HP: 18/18 MP: 1/1
    27 | D:1      | XOM: potion effect (might)
    37 | D:1      | Reached skill level 3 in Maces & Flails
    40 | D:1      | Gained mutation: You have an unusually large brain. (Int
                  | +2) [demonic ancestry]
    40 | D:1      | Reached XP level 2. HP: 23/24 MP: 2/2
   184 | D:1      | XOM: silly message
   269 | D:1      | Gained mutation: You have an extremely huge brain. (Int +4)
                  | [demonic ancestry]
   269 | D:1      | Reached XP level 3. HP: 23/29 MP: 3/3
   286 | D:1      | Reached skill level 4 in Maces & Flails
   495 | D:2      | Noticed a bullfrog
   564 | D:2      | XOM: silly message
   568 | D:2      | Reached XP level 4. HP: 32/35 MP: 4/4
   635 | D:2      | XOM: silly message
   687 | D:2      | XOM: smoke on damage
   731 | D:2      | XOM: cast spell 'Call Canine Familiar'
   957 | D:2      | XOM: silly message
   970 | D:2      | Killed a bullfrog
   971 | D:2      | Reached skill level 5 in Maces & Flails
   971 | D:2      | Reached XP level 5. HP: 36/41 MP: 5/5
  1262 | D:2      | XOM: give mutations
  1262 | D:2      | Gained mutation: Armour fits poorly on your strangely
                  | shaped body. [Xom's mischief]
  1262 | D:2      | Gained mutation: You are clumsy. (Dex -2) [Xom's mischief]
  1262 | D:2      | Gained mutation: Your flesh is heat resistant. (rF+) [Xom's
                  | mischief]
  1761 | D:3      | Lost mutation: You are clumsy. (Dex -2) [potion of
                  | mutation]
  1761 | D:3      | Lost mutation: Armour fits poorly on your strangely shaped
                  | body. [potion of mutation]
  1761 | D:3      | Gained mutation: Your body sometimes deteriorates upon
                  | taking damage. [potion of mutation]
  1761 | D:3      | Gained mutation: You possess an exceptional clarity of
                  | mind. [potion of mutation]
  1761 | D:3      | Gained mutation: You can translocate small distances at
                  | will. [potion of mutation]
  1761 | D:3      | Gained mutation: You are agile. (Dex +2) [potion of
                  | mutation]
  1834 | D:3      | Reached skill level 6 in Maces & Flails
  2095 | D:4      | Reached XP level 6. HP: 31/47 MP: 6/6
  2183 | D:4      | XOM: give mutations
  2183 | D:4      | Gained mutation: Your flesh is very heat resistant. (rF++)
                  | [Xom's mischief]
  2183 | D:4      | Gained mutation: Scrolls take you a little longer to read.
                  | [Xom's mischief]
  2183 | D:4      | Gained mutation: Your body often deteriorates upon taking
                  | damage. [Xom's mischief]
  2183 | D:4      | Gained mutation: You are dopey. (Int -2) [Xom's mischief]
  2356 | D:3      | XOM: enchant monster (bad)
  2606 | D:4      | XOM: potion effect (might)
  2783 | D:4      | XOM: potion effect (berserk rage)
  2853 | D:4      | XOM: potion effect (haste)
  2861 | D:4      | Reached skill level 7 in Maces & Flails
  3011 | D:4      | XOM: silly message
  3072 | D:4      | Slain by a killer bee

Illustrated notes

Levels and vault maps discovered:
D:1:      lightli_arrival_statuegarden, layout_rooms
D:2:      layout_basic, serial_rivers, chequers_serial_rivers_micro_e,
          chequers_serial_rivers_micro_a, chequers_serial_rivers_micro_b,
          chequers_serial_rivers_micro_c, chequers_serial_rivers_micro_e
D:3:      wander_river, layout_basic
D:4:      layout_basic, minmay_temple_entry_wispy, minmay_divided_ellipse,
          uniq_blork_the_orc

Skill      XL: |  1  2  3  4  5  6 |
---------------+-------------------+-----
Maces & Flails | 3 4 5 6 7 |  7.2
Fighting       | |  3.0
Armour         | |  1.7
Dodging        | |  0.8

Action                   |  1- 3 |  4- 6 || total
-------------------------+-------+-------++-------
Melee: Mace              |    97 |    98 ||   195
       Flail             |       |   135 ||   135
  Use: Scroll            |       |    13 ||    13
       Potion            |       |     7 ||     7
 Stab: Paralysed         |     1 |       ||     1
Armor: Leather armour    |    43 |    80 ||   123
       Skin              |       |    51 ||    51
Dodge: Dodged            |    78 |   141 ||   219

Table legend: (Time is in decaauts)
 A = Elapsed time spent in this place.
 B = Non-inter-level travel time spent in this place.
 C = Inter-level travel time spent in this place.
 D = Time resting spent in this place.
 E = Time spent auto-exploring this place.
 F = Levels seen in this place.
 G = Mean time per level.
                   A        B        C        D        E       F      G
               +--------+--------+--------+--------+--------+-----+--------+
         Total |   3129 |   3010 |    119 |   1089 |    975 |   4 |  782.2 |
       Dungeon |   3129 |   3010 |    119 |   1089 |    975 |   4 |  782.2 |
               +--------+--------+--------+--------+--------+-----+--------+

Top non-repeatable levels by time:
     D:3: 1161 daAuts
     D:2: 865 daAuts
     D:4: 560 daAuts
     D:1: 541 daAuts
